 Dungeon Crawl Stone Soup version 0.29-a0-378-gc08b2e8bf8 (webtiles) character file.

Game seed: 17115086955724063267

210 zazu2006 the Magician (level 5, -3/43 HPs)
             Began as a Naga Hedge Wizard on May 4, 2022.
             Was a Follower of Vehumet.
             Slain by a bog mummy (9 damage)
             ... in an ossuary.
             The game lasted 00:08:27 (3236 turns).

zazu2006 the Magician (Naga Hedge Wizard)           Turns: 3236, Time: 00:08:27

Health: -3/43      AC:  3    Str: 13    XL:     5   Next: 87%
Magic:  1/11       EV: 10    Int: 16    God:    Vehumet [*.....]
Gold:   144        SH:  0    Dex: 10    Spells: 4/13 levels left

rFire   + . .      SeeInvis +   k - +3 short sword (drain)
rCold   . . .      Faith    .   (no shield)
rNeg    . . .      Spirit   .   b - +0 robe
rPois   +          Reflect  .   c - +1 hat
rElec   .          Harm     .   (no cloak)
rCorr   .          Rampage  .   (no gloves)
Will    +....                   (no barding)
Stlth   ++........              (no amulet)
HPRegen 0.14/turn               a - ring of protection from fire
MPRegen 0.12/turn               o - ring of willpower

@: attractive, very slow
A: AC +1, large, see invisible, deformed body, poison resistance, slowness 2,
spit poison 2, naga tail 1, evolution 1, noise suppression
a: Breathe Poison Gas, Renounce Religion


You were in an ossuary.
You worshipped Vehumet.
Vehumet was aware of your devotion.
You visited 1 branch of the dungeon, and saw 4 of its levels.
You also visited: Ossuary.

You collected 144 gold pieces.

Inventory:

Hand Weapons
 k - a +3 short sword of draining (weapon)
Armour
 b - a +0 robe (worn)
 c - a +1 hat (worn)
Jewellery
 a - a ring of protection from fire (left hand)
 o - a ring of willpower (right hand)
Wands
 m - a wand of iceblast (9)
 n - a wand of polymorph (6)
Scrolls
 p - a scroll of enchant armour
Potions
 e - a potion of mutation
 q - a potion of flight


   Skills:
 + Level 0.3 Fighting
 + Level 2.0 Dodging
 + Level 4.1 Stealth
 + Level 4.5 Spellcasting
 + Level 2.4 Conjurations
 + Level 1.1 Summonings
 + Level 1.0 Translocations
 * Level 2.2 Poison Magic


You had 4 spell levels left.
You knew the following spells:

 Your Spells              Type           Power      Damage    Failure   Level
a - Magic Dart            Conj           44%        1d5       6%          1
b - Mephitic Cloud        Conj/Pois/Air  8%         N/A       26%         3
c - Conjure Flame         Conj/Fire      7%         6-21      28%         3
d - Blink                 Tloc           12%        N/A       16%         2

Your spell library contained the following spells:

 Spells                   Type           Power      Damage    Failure   Level
 Sandblast                Erth           6%         2d5       16%         1
 Foxfire                  Conj/Fire      28%        2x1d5     10%         1
 Slow                     Hex            12%        N/A       16%         1
 Call Imp                 Summ           7%         N/A       16%         2
 Poisonous Vapours        Pois/Air       14%        N/A       16%         2
 Corpse Rot               Necr/Air       6%         N/A       24%         2
 Inner Flame              Hex/Fire       3%         N/A       43%         3
 Flame Wave               Conj/Fire      7%         2d5       67%         4
 Fireball                 Conj/Fire      3%         3d4       95%         5
 Starburst                Conj/Fire      3%         6d3       100%        6
 Ignition                 Fire           1%         3d3       100%        8
 Chain Lightning          Conj/Air       3%         3d4       100%        9
 Fire Storm               Conj/Fire      3%         8d1       100%        9
 Shatter                  Erth           1%         3d6*      100%        9


Dungeon Overview and Level Annotations

Branches:
Dungeon (4/15)            Ossuary (1/1)
 Temple: D:4-7

Altars:
Vehumet


Innate Abilities, Weirdness & Mutations

Your serpentine skin is tough. (AC +1)
You have supernaturally acute eyesight. (SInv)
Armour fits poorly on your strangely shaped body.
Your system is resistant to poisons. (rPois)
You cover ground very slowly.
You can exhale a cloud of poison.
You have a snake-like lower body.
You have hidden genetic potential.
You passively dampen the noise of your surroundings.


Message History

Aim: a bullfrog zombie (heavily damaged, 100% to hit)
You feel a surge of power!
The magic dart hits the bullfrog zombie.
The bullfrog zombie is severely damaged.
The bullfrog zombie hits you but does no damage.
The bog mummy hits you.
* * * LOW HITPOINT WARNING * * *
It was a potion of might.
You feel very mighty all of a sudden.
The bullfrog zombie hits you but does no damage.
You closely miss the bullfrog zombie.
The bullfrog zombie is severely damaged.
The bullfrog zombie hits you but does no damage.
The bog mummy hits you.
* * * LOW HITPOINT WARNING * * *
You hit the bullfrog zombie.
The bullfrog zombie is severely damaged.
The bullfrog zombie hits you but does no damage.
You hit the bog mummy.
The bog mummy is lightly damaged.
The bullfrog zombie hits you but does no damage.
Your magical contamination has completely faded away.
You puncture the bog mummy!
The bog mummy is heavily damaged.
The bog mummy hits you.
* * * LOW HITPOINT WARNING * * *
The bullfrog zombie hits you but does no damage.
It was a potion of cancellation.
Your magical effects are unravelling.
You feel magically purged.
You feel less wooden.
Your +1 hat unmelds from your body.
Your +0 robe unmelds from your body.
You feel yourself slow down.
You feel a little less mighty now.
You feel a little less clever now.
You feel your willpower return.
The bullfrog zombie hits you but does no damage.
Unknown command.
It was a potion of attraction.
You feel attractive to monsters. The bog mummy hits you!
You die...

###.#####
#.'.#§.∩#
#.'M∩.#
#.'.#...#
###≈#####


ZZM #M# #@# ##Z≈# #≈# #≈# #≈≈ ≈≈≈ ### You could see a mummy (weak-willed), a bog
mummy (weak-willed), 2 bullfrog zombies and a killer bee zombie (weak-willed).

Vanquished Creatures
  A scorpion (D:3)
  Jessica (D:2)
  A killer bee zombie (Ossuary)
  2 mummies (Ossuary)
  3 adders (D:3)
  A dart slug (D:2)
  An orc (D:3)
  6 ball pythons
  4 endoplasms
  A giant cockroach (D:3)
  3 goblins
  7 hobgoblins
  3 jackals (D:1)
  2 quokkas
  5 bats
  3 frilled lizards
  6 kobolds
  2 rats
52 creatures vanquished.

Vanquished Creatures (others)
  2 withered plants (Ossuary)
2 creatures vanquished.

Grand Total: 54 creatures vanquished

Notes
Turn   | Place    | Note
-------+----------+-------------------------------------------
     0 | D:1      | zazu2006 the Naga Hedge Wizard began the quest for the Orb.
     0 | D:1      | Reached XP level 1. HP: 15/15 MP: 4/4
   411 | D:1      | Reached XP level 2. HP: 22/22 MP: 3/6
  1387 | D:2      | Found a radiant altar of Vehumet.
  1439 | D:2      | Reached XP level 3. HP: 28/28 MP: 0/8
  1439 | D:2      | Found a faded altar of an unknown god.
  1476 | D:2      | Became a worshipper of Vehumet
  1771 | D:2      | Noticed Jessica
  1779 | D:2      | Killed Jessica
  1902 | D:2      | Reached XP level 4. HP: 36/36 MP: 6/10
  1906 | D:2      | Learned a level 3 spell: Mephitic Cloud
  1910 | D:2      | Learned a level 3 spell: Conjure Flame
  1913 | D:2      | Learned a level 2 spell: Blink
  2181 | D:3      | Noticed a scorpion
  2190 | D:3      | Killed a scorpion
  2191 | D:3      | Reached skill level 1 in Poison Magic
  2191 | D:3      | Reached XP level 5. HP: 40/42 MP: 8/11
  3156 | D:4      | Found a sand-covered staircase.
  3169 | Ossuary  | Entered an ossuary
  3196 | Ossuary  | Gained mutation: Potions are less effective at restoring
                  | your health. [potion of mutation]
  3196 | Ossuary  | Gained mutation: You can exhale a cloud of poison. [potion
                  | of mutation]
  3196 | Ossuary  | Gained mutation: You are frail. (-10% HP) [potion of
                  | mutation]
  3196 | Ossuary  | Gained mutation: You have a pair of small antennae on your
                  | head. [potion of mutation]
  3197 | Ossuary  | Lost mutation: You are frail. (-10% HP) [potion of
                  | mutation]
  3197 | Ossuary  | Lost mutation: You have a pair of small antennae on your
                  | head. [potion of mutation]
  3197 | Ossuary  | Lost mutation: Potions are less effective at restoring your
                  | health. [potion of mutation]
  3197 | Ossuary  | Gained mutation: You passively dampen the noise of your
                  | surroundings. [potion of mutation]
  3197 | Ossuary  | Gained mutation: You have hidden genetic potential. [potion
                  | of mutation]
  3220 | Ossuary  | Reached * piety under Vehumet
  3220 | Ossuary  | Offered knowledge of Sandblast by Vehumet.
  3236 | Ossuary  | Slain by a bog mummy

Illustrated notes

Levels and vault maps discovered:
D:1:      dpeg_arrival_tiny_g, layout_basic
D:2:      layout_loops_cross, basic_altar,
          shapermc_ecumenical_altar_totnotflames, minivault_24,
          chequers_serial_rivers_room_b, uniq_jessica
D:3:      layout_loops_ring
D:4:      layout_rooms, minmay_temple_entry_statues_fountains, serial_shops,
          nicolae_shop_behind_doors, enter_ossuary_1, uniq_ijyb
Ossuary:  ossuary_zaba_flooded

Skill      XL: |  1  2  3  4  5 |
---------------+----------------+-----
Spellcasting   | 4 |  4.5
Dodging        | 2 |  2.0
Conjurations   | 2 |  2.4
Poison Magic   | 1 2 |  2.2
Stealth        | 4 |  4.1
Fighting       | |  0.3
Summonings     | |  1.1
Translocations | |  1.0

Action                   |  1- 3 |  4- 6 || total
-------------------------+-------+-------++-------
Melee: Dagger            |     8 |       ||     8
       Short sword       |     2 |    16 ||    18
 Cast: Magic Dart        |    72 |    70 ||   142
 Abil: Spit Poison       |    18 |     2 ||    20
Evoke: Wand              |       |     3 ||     3
  Use: Potion            |       |    13 ||    13
       Scroll            |       |     5 ||     5
 Stab: Sleeping          |     1 |       ||     1
Armor: Robe              |     5 |     9 ||    14
       Skin              |       |    33 ||    33
Dodge: Dodged            |    16 |    24 ||    40

Table legend: (Time is in decaauts)
 A = Elapsed time spent in this place.
 B = Non-inter-level travel time spent in this place.
 C = Inter-level travel time spent in this place.
 D = Time resting spent in this place.
 E = Time spent auto-exploring this place.
 F = Levels seen in this place.
 G = Mean time per level.
                   A        B        C        D        E       F      G
               +--------+--------+--------+--------+--------+-----+--------+
         Total |   3881 |   3709 |    172 |     63 |   3210 |   5 |  776.2 |
       Dungeon |   3821 |   3649 |    172 |     63 |   3201 |   4 |  955.2 |
       Ossuary |     59 |     59 |      0 |      0 |      9 |   1 |   59.0 |
               +--------+--------+--------+--------+--------+-----+--------+

Top non-repeatable levels by time:
     D:1: 1378 daAuts
     D:3: 1223 daAuts
     D:2: 1204 daAuts
 Ossuary: 59 daAuts
     D:4: 15 daAuts
